 Dungeon Crawl Stone Soup version 0.28.0-53-g5a82cb258f (webtiles) character file.

Game seed: 785416625172122229

59 gobodom the Chiller (level 3, -4/24 HPs)
             Began as a Demonspawn Ice Elementalist on June 19, 2022.
             Slain by a water moccasin zombie (5 damage)
             ... on level 3 of the Dungeon.
             The game lasted 00:09:14 (2240 turns).

gobodom the Chiller (Demonspawn Ice Elementalist)   Turns: 2240, Time: 00:09:14

Health: -4/24      AC:  2    Str: 10    XL:     3   Next: 78%
Magic:  2/7        EV: 12    Int: 16    God:
Gold:   73         SH:  0    Dex: 13    Spells: 6/7 levels left

rFire   . . .      SeeInvis .   e - +1 dagger (venom)
rCold   . . .      Faith    .   (no shield)
rNeg    + . .      Spirit   .   a - +0 robe
rPois   .          Reflect  .   (no helmet)
rElec   .          Harm     .   (no cloak)
rCorr   .          Rampage  .   (no gloves)
Will    .....                   (no boots)
Stlth   ++........              (no amulet)
HPRegen 0.08/turn               k - ring of positive energy
MPRegen 0.20/turn               (no ring)

@: no status effects
A: powered by death 1, magic regeneration
a: no special abilities


You were on level 3 of the Dungeon.
You visited 1 branch of the dungeon, and saw 3 of its levels.

You collected 73 gold pieces.

Inventory:

Hand Weapons
 d - a +0 dagger of speed
 e - a +1 dagger of venom (weapon)
Missiles
 b - 2 poisoned darts
 f - a throwing net
Armour
 a - a +0 robe (worn)
Jewellery
 k - a ring of positive energy (left hand)
Potions
 c - a potion of resistance {unknown}
 g - a potion of flight {unknown}
 h - a potion of brilliance {unknown}
 i - a potion of attraction {unknown}
 l - a potion of curing {unknown}


   Skills:
 + Level 0.1 Fighting
 + Level 2.3 Dodging
 + Level 1.8 Stealth
 + Level 2.7 Spellcasting
 + Level 4.2 Ice Magic


You had 6 spell levels left.
You knew the following spells:

 Your Spells              Type           Power      Damage    Failure   Level
a - Freeze                Ice            60%        1d8       3%          1

Your spell library contained the following spells:

 Spells                   Type           Power      Damage    Failure   Level
 Frozen Ramparts          Ice            30%        1d5       10%         3
 Ozocubu's Armour         Ice            15%        N/A       10%         3
 Hailstorm                Conj/Ice       9%         3d4       63%         4


Dungeon Overview and Level Annotations

Branches:
Dungeon (3/15)

Altars:


Innate Abilities, Weirdness & Mutations

You regenerate a little health from kills.
You regenerate magic rapidly.


Message History

Aiming: Freeze (safe; 3% risk of failure)
Press: ? - help, Shift-Dir - straight line, f/p - water moccasin zombie
Aim: a water moccasin zombie You freeze the water moccasin zombie.
The water moccasin zombie resists.
The water moccasin zombie is lightly damaged.
The water moccasin zombie completely misses you.
Casting: Freeze (safe; 3% risk of failure)
Confirm with . or Enter, or press ? or * to list all spells.
Aiming: Freeze (safe; 3% risk of failure)
Press: ? - help, Shift-Dir - straight line, f/p - water moccasin zombie
Aim: a water moccasin zombie (lightly damaged)
You freeze the water moccasin zombie but do no damage.
The water moccasin zombie completely resists.
The water moccasin zombie bites you.
Casting: Freeze (safe; 3% risk of failure)
Confirm with . or Enter, or press ? or * to list all spells.
Aiming: Freeze (safe; 3% risk of failure)
Press: ? - help, Shift-Dir - straight line, f/p - water moccasin zombie
Aim: a water moccasin zombie (lightly damaged)
You freeze the water moccasin zombie.
The water moccasin zombie resists.
The water moccasin zombie is lightly damaged.
The water moccasin zombie bites you.
Casting: Freeze (safe; 3% risk of failure)
Confirm with . or Enter, or press ? or * to list all spells.
Aiming: Freeze (safe; 3% risk of failure)
Press: ? - help, Shift-Dir - straight line, f/p - water moccasin zombie
Aim: a water moccasin zombie (lightly damaged)
You freeze the water moccasin zombie.
The water moccasin zombie resists.
The water moccasin zombie is lightly damaged.
The water moccasin zombie bites you.
The water moccasin zombie barely misses you.
The water moccasin zombie bites you.
* * * LOW HITPOINT WARNING * * *
The water moccasin zombie bites you.
* * * LOW HITPOINT WARNING * * *
As you read the scroll labelled TUIPPO RUARINA, it crumbles to dust.
It is a scroll of amnesia.
Okay, then.
The water moccasin zombie bites you.
You die...

≈#####≈≈≈≈≈≈≈
≈≈≈≈≈≈≈≈≈≈≈≈
≈≈≈≈≈≈≈≈≈≈≈
≈.≈≈...≈≈≈ .......
....
###########.####...
........Z........#
#######@########.#
#.# #.# #.# #.## ..
#..## # . . #...#
.## #.## #...#
.<###.. #...## #
#.#.#. ##...#
#.##....#


You could see a water moccasin zombie.

Vanquished Creatures
  An adder (D:2)
  A worm (D:2)
  A dart slug (D:2)
  3 ball pythons
  4 endoplasms
  A giant cockroach (D:1)
  4 goblins
  5 hobgoblins
  8 kobolds
  7 bats
  2 frilled lizards
  5 rats (D:1)
42 creatures vanquished.

Notes
Turn   | Place    | Note
-------+----------+-------------------------------------------
     0 | D:1      | gobodom the Demonspawn Ice Elementalist began the quest for
                  | the Orb.
     0 | D:1      | Reached XP level 1. HP: 13/13 MP: 3/3
   430 | D:1      | Gained mutation: You regenerate magic rapidly. [demonic
                  | ancestry]
   430 | D:1      | Reached XP level 2. HP: 19/19 MP: 3/5
   511 | D:1      | Reached skill level 4 in Ice Magic
   995 | D:1      | Gained mutation: You regenerate a little health from kills.
                  | [demonic ancestry]
   995 | D:1      | Reached XP level 3. HP: 24/24 MP: 3/6
  2239 | D:3      | HP: 1/24 [water moccasin zombie (1)]
  2240 | D:3      | Slain by a water moccasin zombie

Illustrated notes

Levels and vault maps discovered:
D:1:      dpeg_arrival_circle_labyrinth_c, layout_basic
D:2:      layout_basic, kennysheep_pointless_box, dk_vineyard_2
D:3:      minmay_goblin_kobold_castle, layout_loops_ring,
          shapermc_ecumenical_altar_starsandcircs, hex_tiny, eino_curves_02,
          minmay_ogre_servants

Skill      XL: |  1  2 |
---------------+-------+-----
Dodging        | 2 |  2.3
Ice Magic      | 4 |  4.2
Fighting       | |  0.1
Stealth        | |  1.8
Spellcasting   | |  2.7

Action                   || total
-------------------------++-------
Melee: Unarmed           ||    14
       Dagger            ||    23
       Punch             ||     1
 Cast: Freeze            ||    63
  Use: Scroll            ||     2
 Stab: Sleeping          ||     1
Armor: Robe              ||     9
Dodge: Dodged            ||    50
